 Dungeon Crawl Stone Soup version 0.30-a0-23-ge60ba3568b (webtiles) character file.

Game seed: 6916824784614091902

26 ytrimaz the Insei (level 3, -1/34 HPs)
             Began as an Octopode Transmuter on Aug 25, 2022.
             Slain by a goblin
             ... wielding a +0 dagger
              (3 damage)
             ... on level 1 of the Dungeon.
             The game lasted 00:00:42 (870 turns).

ytrimaz the Insei (Octopode Transmuter)              Turns: 870, Time: 00:00:42

Health: -1/34      AC: 21    Str:  9    XL:     3   Next: 8%
Magic:  6/6        EV:  2    Int: 17    God:
Gold:   23         SH:  0    Dex: 12    Spells: 5/6 levels left

rFire   . . .      SeeInvis .      - Unarmed
rCold   . . .      Faith    .    (no shield)
rNeg    . . .      Spirit   .    (helmet currently unavailable)
rPois   +          Reflect  .    (no amulet)
rElec   .          Harm     .    (no ring)
rCorr   .          Rampage  .    (no ring)
Will    .....      NoTele   +    (no ring)
Stlth   ++........               (no ring)
HPRegen 0.11/turn                (no ring)
MPRegen 0.10/turn                (no ring)
                                 (no ring)
                                 (no ring)

@: tree-form
A: stationary, stasis, torment immunity, boosted hp, almost no armour,
(amphibious), 8 rings, (camouflage 1), (gelatinous body 1), (nimble swimmer 1),
(tentacles)
a: no special abilities


You were on level 1 of the Dungeon.
You were a tree.
You visited 1 branch of the dungeon, and saw 1 of its levels.

You collected 23 gold pieces.

Inventory:

Scrolls
 b - a scroll of amnesia {unknown}
 e - a scroll of acquirement {unknown}
Potions
 a - a potion of lignification
 c - a potion of flight
 d - a potion of attraction {unknown}


   Skills:
 - Level 1.0 Fighting
 - Level 2.0 Dodging
 * Level 2.0 Stealth
 + Level 3.8 Unarmed Combat
 - Level 2.0 Spellcasting
 - Level 2.0 Transmutations


You had 5 spell levels left.
You knew the following spells:

 Your Spells              Type           Power      Damage    Failure   Level
a - Beastly Appendage     Tmut           16%        N/A       9%          1

Your spell library contained the following spells:

 Spells                   Type           Power      Damage    Failure   Level
 Wereblood                Tmut           8%         N/A       13%         2
 Spider Form              Tmut/Pois      5%         N/A       36%         3
 Ice Form                 Ice/Tmut       5%         N/A       77%         4


Dungeon Overview and Level Annotations

Branches:
Dungeon (1/15)

Altars:


Innate Abilities, Weirdness & Mutations

You are a tree.
Your roots penetrate the ground, keeping you stationary.
You cannot be teleported.
You are immune to unholy pain and torment.
Your maximum health is greatly increased.
You cannot wear most types of armour.
((You are amphibious.))
You can wear up to eight rings at the same time.
((Your skin changes colour to match your surroundings (Stealth+).))
((Your rubbery body absorbs attacks. (AC +1, EV +1)))
((You are camouflaged when in or above water. (Stealth+)))
((You have tentacles for arms and can constrict up to eight enemies at once.))


Message History

You smack the goblin!
You kill the goblin!
You feel sick. The bat hits you but does no damage.
The goblin hits you but does no damage.
You have reached level 3!
Your experience leads to an increase in your attributes!
Increase (S)trength, (I)ntelligence, or (D)exterity?
You feel clever. x2
You barely miss the goblin.
You feel sick. The bat hits you but does no damage.
The goblin hits you but does no damage.
You are too injured to fight recklessly!
You barely miss the goblin.
You feel sick.
You are no longer poisoned.
The goblin hits you but does no damage. x2
You are too injured to fight recklessly!
The endoplasm quivers.
You hit the goblin.
You kill the goblin!
The goblin hits you with a +0 dagger.
* * * LOW HITPOINT WARNING * * *
Your Stealth skill increases to level 2!
You are too injured to fight recklessly!
You hit the endoplasm.
The endoplasm is almost dead.
The endoplasm freezes you.
You are frozen.
* * * LOW HITPOINT WARNING * * *
The goblin hits you but does no damage.
You hit the endoplasm.
You kill the endoplasm!
The goblin hits you but does no damage.
The endoplasm jiggles.
Unknown command.
Unknown command.
It was a potion of flight.
Your roots keep you in place.
The endoplasm freezes you.
You are frozen.
* * * LOW HITPOINT WARNING * * *
The goblin hits you with a +0 dagger.
You die...

.. ...(# ##. #.#.#
?.. #.#.# .. #)#.# #
#.##...# ## #...#.#
#. #.#.J.## #.
.b.##Jgb#
.##########. ....#
#♣#.##..##........
.....#
#....#............
..... ##...#.#
#........ ....
.#####..#.# #........
....
.....##.#.###........
#.........##...###
####(.(##....#.###
##...###..#....
#....##.....##


You could see 2 endoplasms, a goblin and a bat.

Vanquished Creatures
  A dart slug (D:1)
  3 endoplasms (D:1)
  7 goblins (D:1)
  2 hobgoblins (D:1)
  2 kobolds (D:1)
  3 ball pythons (D:1)
  A bat (D:1)
  A frilled lizard (D:1)
  A rat (D:1)
21 creatures vanquished.

Notes
Turn   | Place    | Note
-------+----------+-------------------------------------------
     0 | D:1      | ytrimaz the Octopode Transmuter began the quest for the
                  | Orb.
     0 | D:1      | Reached XP level 1. HP: 13/13 MP: 3/3
     2 | D:1      | Noticed an octopode
     2 | D:1      | Noticed a draconian
     4 | D:1      | Noticed a formicid
     4 | D:1      | Noticed a meteoran
     6 | D:1      | Noticed a minotaur
     6 | D:1      | Noticed a merfolk
     8 | D:1      | Noticed a naga
     8 | D:1      | Noticed a vampire
    10 | D:1      | Noticed a demonspawn
    12 | D:1      | Noticed a troll
    12 | D:1      | Noticed a demigod
    14 | D:1      | Noticed an ogre
    16 | D:1      | Noticed a spriggan
    16 | D:1      | Noticed a palentonga
    18 | D:1      | Noticed a felid
    18 | D:1      | Noticed a tengu
    20 | D:1      | Noticed a gargoyle
    20 | D:1      | Noticed a vine stalker
    22 | D:1      | Noticed a ghoul
    22 | D:1      | Noticed a human
    24 | D:1      | Noticed an elf
    24 | D:1      | Noticed a felid
    26 | D:1      | Noticed a demigod
    73 | D:1      | Reached skill level 1 in Stealth
    73 | D:1      | Reached XP level 2. HP: 5/18 MP: 5/5
   865 | D:1      | Reached XP level 3. HP: 12/23 MP: 6/6
   870 | D:1      | Slain by a goblin

Illustrated notes

Levels and vault maps discovered:
D:1:      kb_arrival_jail, layout_rooms, serial_rivers,
          chequers_serial_rivers_micro_c, chequers_serial_rivers_large_b,
          chequers_serial_rivers_micro_a, chequers_serial_rivers_marsh,
          chequers_serial_rivers_room_a, chequers_serial_rivers_small_a,
          minmay_hexomino_c4

Skill      XL: |  1  2  3 |
---------------+----------+-----
Stealth        | 1 2 |  2.0
Fighting       | |  1.0
Dodging        | |  2.0
Unarmed Combat | |  3.8
Spellcasting   | |  2.0
Transmutations | |  2.0

Action                   || total
-------------------------++-------
Melee: Unarmed           ||    43
       Constrict         ||     9
       Kick              ||     8
       Punch             ||     1
       Tentacles         ||     2
 Cast: Beastly Appendage ||    10
  Use: Potion            ||     2
 Stab: Sleeping          ||     2
Armor: Skin              ||    11
Dodge: Dodged            ||    16

Table legend: (Time is in decaauts)
 A = Elapsed time spent in this place.
 B = Non-inter-level travel time spent in this place.
 C = Inter-level travel time spent in this place.
 D = Time resting spent in this place.
 E = Time spent auto-exploring this place.
 F = Levels seen in this place.
 G = Mean time per level.
                   A        B        C        D        E       F      G
               +--------+--------+--------+--------+--------+-----+--------+
         Total |    867 |    867 |      0 |      0 |    728 |   1 |  867.0 |
       Dungeon |    867 |    867 |      0 |      0 |    728 |   1 |  867.0 |
               +--------+--------+--------+--------+--------+-----+--------+

Top non-repeatable levels by time:
     D:1: 867 daAuts
